 Seeded DCSS version 0.27.1-3-gb3d3a73c9e (webtiles) character file.

Game seed: 20211021 (custom seed)

4 jessy the Slasher (level 1, -1/21 HPs)
             Began as a Naga Berserker on Oct 21, 2021.
             Was a Follower of Trog.
             Slain by a kobold (3 damage)
             ... on level 1 of the Dungeon.
             The game lasted 00:02:20 (451 turns).

jessy the Slasher (Naga Berserker)                   Turns: 451, Time: 00:02:20

Health: -1/21      AC:  4    Str: 19    XL:     1   Next: 70%
Magic:  1/1        EV:  8    Int:  7    God:    Trog [*.....]
Gold:   6          SH:  5    Dex: 10    Spells: 0/0 levels left

rFire    . . .     SeeInvis +   a - +0 falchion
rCold    . . .     Faith    .   (no shield)
rNeg     . . .     Spirit   .   h - +0 ring mail
rPois    +         Reflect  +   (no helmet)
rElec    .         Harm     .   e - +0 cloak
rCorr    .         Rampage  .   (no gloves)
Will     .....                  (no barding)
Stlth    ..........             c - amulet of reflection
HPRegen  0.07/turn              (no ring)
MPRegen  0.07/turn              (no ring)

@: attractive, very slow
A: AC +0, large, see invisible, deformed body, poison resistance, slowness 2,
spit poison 1, naga tail 1
a: Spit Poison, Renounce Religion, Berserk


You were on level 1 of the Dungeon.
You worshipped Trog.
Trog was aware of your devotion.
You visited 1 branch of the dungeon, and saw 1 of its levels.

You collected 6 gold pieces.

Inventory:

Hand Weapons
 a - a +0 falchion (weapon)
Missiles
 i - 15 poisoned darts
Armour
 b - a +0 animal skin
 e - a +0 cloak (worn)
 h - a +0 ring mail (worn)
Jewellery
 c - an amulet of reflection (around neck)
Scrolls
 d - a scroll of amnesia {unknown}
 f - a scroll of teleportation {unknown}


   Skills:
 + Level 3.0 Fighting
 + Level 3.3 Long Blades
 + Level 1.5 Armour
 + Level 1.5 Dodging


You couldn't memorise any spells.
You didn't know any spells.
Your spell library was empty.

Dungeon Overview and Level Annotations

Branches:
Dungeon (1/15)

Altars:


Innate Abilities, Weirdness & Mutations

Your serpentine skin is tough. (AC +0)
You have supernaturally acute eyesight. (SInv)
Armour fits poorly on your strangely shaped body.
Your system is resistant to poisons. (rPois)
You cover ground very slowly.
You can spit poison.
You have a snake-like lower body.


Message History

You block the kobold's attack.
You hit the hobgoblin but do no damage. The hobgoblin barely misses you.
You riposte.
You completely miss the hobgoblin. The kobold closely misses you.
The hobgoblin closely misses you. The kobold hits you but does no damage.
The hobgoblin hits you. You block the kobold's attack.
The hobgoblin barely misses you.
You riposte.
You hit the hobgoblin.
The hobgoblin is moderately wounded.
The kobold hits you with a +0 whip.
The hobgoblin hits you but does no damage.
You block the kobold's attack.
You barely miss the kobold. The hobgoblin barely misses you.
The kobold hits you but does no damage.
The hobgoblin hits you but does no damage.
The kobold closely misses you.
The hobgoblin hits you but does no damage.
The kobold barely misses you.
You riposte.
You hit the kobold but do no damage. You block the kobold's attack.
The hobgoblin hits you. The hobgoblin barely misses you.
The kobold barely misses you.
The hobgoblin hits you but does no damage.
The kobold hits you but does no damage. The hobgoblin closely misses you.
The kobold hits you with a +0 whip.
* * * LOW HITPOINT WARNING * * *
The hobgoblin hits you but does no damage.
The kobold hits you with a +0 whip.
* * * LOW HITPOINT WARNING * * *
The hobgoblin barely misses you.
The kobold throws a stone.
The stone barely misses you.
The hobgoblin hits you but does no damage.
The kobold throws a stone.
The stone closely misses you. You block the hobgoblin's attack.
The kobold throws a stone.
The stone hits you but does no damage. The hobgoblin hits you.
* * * LOW HITPOINT WARNING * * *
The kobold hits you but does no damage.
It was a potion of attraction.
You feel attractive to monsters.
The hobgoblin hits you but does no damage.
The kobold hits you with a +0 whip.
You die...

....#..⌠ ##..............†.......
#''##..# #..###..........÷.......
....##'# #.......................
.......# #.......................
..<.≈≈≈# #.....................>.
≈≈≈≈≈≈####....>.................#
#########........................
≈≈≈≈####.......gK...#............
≈..≈##...#......@..##............
#''##..###......######...........
......## #......# #............
####..####......# #...........#
#............# ..........##
#######......# ########


You could see a hobgoblin and a kobold.

Vanquished Creatures
  A bat (D:1)
  A giant cockroach (D:1)
  A hobgoblin (D:1)
  A frilled lizard (D:1)
4 creatures vanquished.

Notes
Turn   | Place    | Note
-------+----------+-------------------------------------------
     0 | D:1      | jessy the Naga Berserker began the quest for the Orb.
     0 | D:1      | Reached XP level 1. HP: 21/21 MP: 1/1
   451 | D:1      | Slain by a kobold

Illustrated notes

Levels and vault maps discovered:
D:1:      denvon_arrival_waterhouse, layout_rooms, serial_shops, shop_statue,
          minmay_misc_feat_roman

Action                   || total
-------------------------++-------
Melee: Falchion          ||    16
  Use: Potion            ||     1
Armor: Ring mail         ||    23
       Animal skin       ||     4
Dodge: Dodged            ||    27
Block: Other             ||    12
       Rpst.: Falchion   ||     4
